 Dungeon Crawl Stone Soup version 0.19-a0-1704-gbd66c22 (webtiles) character file.

571 George the Slasher (level 7, -3/61 HPs)
             Began as a Minotaur Fighter on Sept 27, 2016.
             Slain by Menkaure (15 damage)
             ... in an ossuary.
             The game lasted 00:05:08 (2546 turns).

George the Slasher (Minotaur Fighter)               Turns: 2546, Time: 00:05:09

Health: -3/61      AC:  9    Str: 21    XL:     7   Next: 11%
Magic:  6/6        EV: 12    Int:  5    God:
Gold:   188        SH: 10    Dex: 16    Spells: 0 memorised, 6 levels left

rFire  . . .     SeeInvis .     a - +0 long sword
rCold  . . .     Gourm    .     b - +0 scale mail
rNeg   . . .     Faith    .     c - +0 shield
rPois  .         Spirit   .     (helmet restricted)
rElec  .         Dismiss  .     o - +0 cloak
rCorr  .         Reflect  .     (no gloves)
MR     .....     Harm     .     (no boots)
Stlth  +.........               (no amulet)
                                (no ring)
                                (no ring)

@: agile
A: retaliatory headbutt, horns 2
a: no special abilities


You were in an ossuary.
You were not hungry.

You visited 1 branch of the dungeon, and saw 4 of its levels.
You also visited: Ossuary.

You collected 188 gold pieces.

Inventory:

Hand Weapons
 a - a +0 long sword (weapon)
Armour
 b - a +0 scale mail (worn)
 c - a +0 shield (worn)
 o - a +0 cloak (worn)
Jewellery
 x - an uncursed ring of flight {unknown}
Wands
 s - a wand of digging (5/24)
Scrolls
 g - 3 scrolls of enchant armour {unknown}
 h - 2 scrolls of blinking {unknown}
 j - a scroll of enchant weapon {unknown}
 k - 4 scrolls of identify {unknown}
 n - 2 scrolls of random uselessness {unknown}
 r - a scroll of teleportation {unknown}
 u - 2 scrolls of remove curse {unknown}
Potions
 d - a potion of might
 l - a potion of ambrosia {unknown}
 m - a potion of curing {unknown}
 p - a potion of flight {unknown}
 v - 2 potions of agility
Comestibles
 f - a bread ration
 i - 2 meat rations
 q - 6 fruits
 t - a slice of pizza


   Skills:
 + Level 5.5 Fighting
 * Level 6.3 Long Blades
 + Level 5.2 Armour
 + Level 5.3 Shields


You had 6 spell levels left.
You didn't know any spells.

Dungeon Overview and Level Annotations

Branches:
Dungeon (4/15)
 Temple: D:4-7

Altars:
Fedhas

Annotations:
Ossuary Menkaure


Innate Abilities, Weirdness & Mutations

You reflexively headbutt those who attack you in melee.
You have a pair of horns on your head.


Message History

You destroy the mummy!
Menkaure points at you and mumbles some strange words.
Pain shoots through your body!
Found three items.
There is an open door here.
You completely miss Menkaure. You block Menkaure's attack.
Your shield prevents you from hitting Menkaure.
Menkaure casts a spell.
Menkaure seems to speed up.
You slash Menkaure!
You headbutt Menkaure, but do no damage.
Menkaure is moderately damaged.
Menkaure calls on the powers of darkness!
Your body is wracked with pain!
* * * LOW HITPOINT WARNING * * *
Your shield and scale mail prevent you from hitting Menkaure.
Your headbutt misses Menkaure.
Menkaure is moderately damaged.
Menkaure hits you!
You die...

.#....#....#....#....#.#..#
.'....#....#....#....#.#..#
.#####################.'..#
##....# .......#....###..#
.'....# .......#....#.#..#
.#....# .??!...#....'.#..#
.#....# ??$!?..#....#.'..#
####### ?$∩$!..########..#
.#....# ??$!?..@....#.#..#
.'....# .!!!..M#....'.#..#
.#....# .......#....#.'..#
##....# .......#....###..#
.###### ############# #..#
.# #..# .# +..# ## #..# .#
#..#


You could see Menkaure.

Vanquished Creatures
  An ogre (D:4)
  2 centaur zombies (Ossuary)
  An orc priest (D:3)
  A human zombie (Ossuary)
  A bullfrog skeleton (D:4)
  Ijyb (D:3)
  An ogre zombie (Ossuary)
  6 mummies (Ossuary)
  A howler monkey zombie (D:3)
  5 adders
  2 oozes
  A worm zombie (D:4)
  3 adder zombies (Ossuary)
  A worm (D:2)
  A dart slug (D:3)
  2 leopard geckos
  21 orcs
  14 bats
  3 giant cockroaches
  11 goblins
  5 hobgoblins (D:1)
  4 jackals
  11 kobolds
  A quokka (D:3)
  5 frilled lizards
  3 gnoll zombies (Ossuary)
  2 goblin zombies (Ossuary)
  3 hobgoblin zombies (Ossuary)
  A jackal skeleton (D:4)
  A kobold zombie (D:4)
  4 quokka zombies (Ossuary)
  9 rats
  3 rat zombies
131 creatures vanquished.

Notes
Turn   | Place    | Note
-------+----------+-------------------------------------------
     0 | D:1      | George the Minotaur Fighter began the quest for the Orb.
     0 | D:1      | Reached XP level 1. HP: 19/19 MP: 0/0
   120 | D:1      | Reached skill level 3 in Long Blades
   130 | D:1      | Reached XP level 2. HP: 25/27 MP: 1/1
   664 | D:2      | Reached XP level 3. HP: 28/33 MP: 2/2
  1132 | D:2      | Reached skill level 4 in Long Blades
  1132 | D:2      | Reached XP level 4. HP: 40/40 MP: 3/3
  1642 | D:3      | Found a blossoming altar of Fedhas.
  1699 | D:3      | Reached XP level 5. HP: 47/47 MP: 4/4
  1826 | D:3      | Noticed Ijyb
  1837 | D:3      | Killed Ijyb
  1837 | D:3      | Reached skill level 5 in Long Blades
  2260 | D:4      | Noticed an ogre
  2261 | D:4      | Found a sand-covered staircase.
  2272 | D:4      | Reached XP level 6. HP: 45/53 MP: 5/5
  2279 | D:4      | Reached skill level 5 in Fighting
  2279 | D:4      | Reached skill level 5 in Shields
  2315 | Ossuary  | Entered an ossuary
  2353 | Ossuary  | Reached skill level 5 in Armour
  2419 | Ossuary  | Reached skill level 6 in Long Blades
  2522 | Ossuary  | Reached XP level 7. HP: 57/61 MP: 6/6
  2526 | Ossuary  | Noticed Menkaure
  2546 | Ossuary  | Slain by Menkaure

Vault maps used:
D:1:      matt_arrival_spirals
D:2:      minivault_5
D:3:      fedhas_altar_3, minmay_unequal, uniq_iyjb
D:4:      lemuel_round_altar, first_bread, enter_ossuary_3
Ossuary:  ossuary_boxes_badplayer

Skill      XL: |  1  2  3  4  5  6 |
---------------+-------------------+-----
Long Blades    | 3 4 5 6 |  6.3
Fighting       | 4 5 |  5.5
Shields        | 4 5 |  5.3
Armour         | 4 5 |  5.2

Action                   |  1- 3 |  4- 6 |  7- 9 || total
-------------------------+-------+-------+-------++-------
Melee: Long sword        |   115 |   233 |    13 ||   361
       Headbutt          |    16 |    57 |     7 ||    80
  Use: Scroll            |       |     1 |       ||     1
       Potion            |       |       |     1 ||     1
  Eat: Chunk             |     1 |     5 |       ||     6
Armor: Scale mail        |    47 |    91 |       ||   138
Dodge: Dodged            |    26 |    48 |       ||    74
Block: Shield            |    52 |    89 |     5 ||   146
